 Dungeon Crawl Stone Soup version 0.21-a0-225-g207ae17 (webtiles) character file.

22228 TheGoonsmith the Protected (level 12, -1/73 HPs)
             Began as a Gargoyle Earth Elementalist on Aug 12, 2017.
             Was an Elder of Vehumet.
             Slain by an eight-headed hydra (10 damage)
             ... on level 4 of the Lair of Beasts on Aug 29, 2017.
             The game lasted 00:43:49 (12460 turns).

TheGoonsmith the Protected (GrEE)                  Turns: 12460, Time: 00:43:50

Health: -1/73      AC: 32    Str: 14    XL:     12   Next: 98%
Magic:  17/28      EV: 13    Int: 24    God:    Vehumet [****..]
Gold:   707        SH:  0    Dex: 14    Spells: 4/27 levels left

rFire    + . .     SeeInvis +   a - +4 long sword (freeze)
rCold    + . .     Gourm    .   (no shield)
rNeg     + . .     Faith    .   l - +7 ring mail "Yhuz" {Dex+2 SInv}
rPois    ∞         Spirit   .   j - +0 Maxwell's etheric cage {RegenMP+ *Contam rElec MP+4}
rElec    +         Reflect  .   x - scarf {rC+ rF+}
rCorr    .         Harm     .   t - +2 pair of gloves
MR       .....                  L - +2 pair of boots
Stlth    +.........             (no amulet)
HPRegen  0.22/turn              Q - +5 ring of intelligence
MPRegen  0.21/turn              E - +4 ring of dexterity

@: no status effects
A: clumsy 1, negative energy resistance 1, electricity resistance, unbreathing,
petrification resistance, rot immunity, AC +8
a: Renounce Religion


You were on level 4 of the Lair of Beasts.
You worshipped Vehumet.
Vehumet was greatly pleased with you.
You were not hungry.

You visited 3 branches of the dungeon, and saw 15 of its levels.

You collected 707 gold pieces.

Inventory:

Hand Weapons
 a - a +4 long sword of freezing (weapon)
 Z - a +0 scimitar of flaming
Missiles
 b - 338 stones (quivered)
 n - 4 throwing nets
Armour
 j - the +0 Maxwell's etheric cage (worn) {RegenMP+ *Contam rElec MP+4}
   (You found it on level 4 of the Dungeon)

   It insulates you from electricity.
   It affects your magic capacity (+4).
   It causes magical contamination when unequipped.
 l - the +7 ring mail "Yhuz" (worn) {Dex+2 SInv}
   (You found it on level 2 of the Lair of Beasts)

   It affects your dexterity (+2).
   It lets you see invisible.
 t - a +2 pair of gloves (worn)
 x - a scarf of resistance (worn)
 G - a +0 robe of magic resistance
 J - a +0 troll leather armour
 L - a +2 pair of boots (worn)
Magical Staves
 A - an uncursed staff of wizardry
Jewellery
 e - an uncursed ring of flight
 u - an uncursed ring of protection from magic
 w - an uncursed ring of see invisible
 C - an uncursed ring of protection from cold
 E - a +4 ring of dexterity (right hand)
 P - an uncursed ring of fire
 Q - a +5 ring of intelligence (left hand)
Wands
 c - a wand of clouds (9/9)
 N - a wand of lightning (7/15)
Scrolls
 m - a scroll of brand weapon
 p - 5 scrolls of fog
 r - 7 scrolls of identify
 y - 4 scrolls of enchant weapon
 F - 5 scrolls of remove curse
 U - 2 scrolls of blinking
 W - 2 scrolls of teleportation
 Y - a scroll of amnesia
Potions
 f - 2 potions of flight
 g - 2 potions of lignification
 h - 7 potions of curing
 o - 2 potions of resistance
 s - a potion of mutation
 v - a potion of berserk rage
 z - 3 potions of brilliance
 B - 5 potions of heal wounds
 H - 2 potions of agility
 I - 2 potions of invisibility
Comestibles
 d - 5 chunks of flesh
 i - a bread ration
 k - 8 meat rations
 q - 17 fruits
 T - 4 royal jellies


   Skills:
 - Level 8.1 Fighting
 - Level 4.1 Long Blades
   Level 3.8 Maces & Flails
 - Level 12.0 Armour
 - Level 5.0 Dodging
 - Level 2.1 Stealth
 - Level 8.1 Spellcasting
 + Level 5.3 Conjurations
 - Level 3.0 Translocations
 - Level 3.0 Transmutations
 - Level 2.2 Fire Magic
 - Level 11.0 Earth Magic


You had 4 spell levels left.
You knew the following spells:

 Your Spells              Type           Power        Failure   Level  Hunger
a - Sandblast             Erth           ######       1%          1    None
b - Stone Arrow           Conj/Erth      #####.       1%          3    None
c - Conjure Flame         Conj/Fire      ####....     1%          3    None
d - Petrify               Tmut/Erth      #####...     6%          4    ##.....
e - Blink                 Tloc           N/A          4%          2    None
f - Irradiate             Conj/Tmut      ####......   13%         5    #####..
z - Lee's Rapid Deconstr  Erth           ######....   1%          5    #####..


Dungeon Overview and Level Annotations

Branches:
Dungeon (10/15)            Temple (1/1) D:6            Lair (4/6) D:10
 Spider (0/4) Lair:3
  Swamp: Lair:2-4    Shoals: Lair:2-4       Orc: D:9-12

Altars:
Ashenzari
Cheibriados
Makhleb
Nemelex Xobeh
Okawaru
Uskayaw
Vehumet
Zin

Shops:
D:4 *   D:5 =


Innate Abilities, Weirdness & Mutations

You are resistant to torment.
Your stone body is resilient. (AC +8)
You are immune to poison.
You resist negative energy. (rN+)
You are resistant to electric shocks. (rElec)
You can survive without breathing.
You are immune to petrification.
You are immune to rotting.
You are clumsy. (Dex -2)


Message History

Press: ? - help, Shift-Dir - straight line, f/p - eight-headed hydra
Aim: an eight-headed hydra (heavily wounded)
The stone arrow hits the eight-headed hydra.
The eight-headed hydra is heavily wounded.
The eight-headed hydra bites you but does no damage. x5
The eight-headed hydra closely misses you.
The eight-headed hydra bites you!
* * * LOW HITPOINT WARNING * * *
The eight-headed hydra bites you but does no damage.
Casting: Stone Arrow
Confirm with . or Enter, or press ? or * to list all spells.
Aiming: Stone Arrow
Press: ? - help, Shift-Dir - straight line, f/p - eight-headed hydra
Aim: an eight-headed hydra (heavily wounded)
The stone arrow hits the eight-headed hydra.
The eight-headed hydra is heavily wounded.
The eight-headed hydra bites you!
* * * LOW HITPOINT WARNING * * *
The eight-headed hydra bites you!
You die...

###...........##.............##
#P.#.........#....###.........###
.......#P....####.##....).#....P#
.....#.P.P.....###.......##......
..................÷......>.......
.................................
.................................
..............!D.............###.
................@............####
........♣♣♣♣♣♣♣♣♣♣♣♣.........P...
...[..♣♣ ♣♣♣........... .....♣♣
♣♣......#... ...D♣ ♣♣.......#.
.... ♣.....###. ...♣ ♣♣....##..
..♣♣ ♣♣...###. ..♣ ♣....##.


You could see an eight-headed hydra.

Vanquished Creatures
  Nessos (Lair:4)
  A hydra (Lair:3)
  Harold (Lair:1)
  Erolcha (D:9)
  Erica (D:9)
  Nergalle (Lair:3)
  A wolf spider (Lair:3)
  A deep elf mage (D:10)
  Psyche (D:9)
  6 elephants
  4 spiny frogs
  A rime drake (Lair:1)
  4 komodo dragons
  A jumping spider (Lair:3)
  A troll (D:5)
  2 polar bears
  6 hippogriffs
  A redback (Lair:3)
  3 wyverns
  25 yaks
  A basilisk (Lair:4)
  3 spriggans
  5 water moccasins
  Duvessa (D:4)
  3 porcupines
  4 ice beasts
  2 orc warriors
  A sky beast (D:7)
  2 black bears
  4 phantoms
  4 ogres
  8 wolves
  2 centaurs
  4 crocodiles
  3 big kobolds
  5 bullfrogs
  Dowan (D:4)
  A scorpion (D:10)
  2 wyvern skeletons
  10 wights
  6 killer bees (D:8)
  An electric eel (Lair:2)
  4 crimson imps
  A quasit (D:7)
  A centaur zombie (D:8)
  6 hounds
  4 orc wizards
  A centaur skeleton (D:7)
  An orc priest (D:3)
  3 bullfrog skeletons
  Jessica (D:3)
  4 iguanas
  3 worker ants
  2 hound skeletons
  2 gnolls (D:2)
  13 adders
  A shadow imp (D:10)
  2 oozes
  2 worms (D:2)
  5 dart slugs
  4 leopard geckos
  22 orcs
  3 giant cockroaches
  7 goblins
  8 hobgoblins
  12 jackals
  8 quokkas
  A ball python (D:7)
  11 bats
  4 frilled lizards
  A giant cockroach zombie (D:6)
  31 kobolds
  A leopard gecko skeleton (D:7)
  A quokka skeleton (D:8)
  A quokka zombie (D:5)
  3 rats
310 creatures vanquished.

Vanquished Creatures (others)
  42 fungi (Lair:4)
  14 plants
56 creatures vanquished.

Grand Total: 366 creatures vanquished

Notes
Turn   | Place    | Note
-------+----------+-------------------------------------------
     0 | D:1      | TheGoonsmith the Gargoyle Earth Elementalist began the quest for the Orb.
     0 | D:1      | Reached XP level 1. HP: 10/10 MP: 3/3
   415 | D:1      | Reached XP level 2. HP: 11/15 MP: 5/5
  1247 | D:2      | Reached XP level 3. HP: 13/19 MP: 6/6
  1394 | D:2      | Found a faded altar of an unknown god.
  1409 | D:2      | Reached skill level 1 in Maces & Flails
  1597 | D:2      | Reached skill level 5 in Earth Magic
  1648 | D:2      | Reached XP level 4. HP: 12/24 MP: 5/7
  1830 | D:2      | Learned a level 3 spell: Stone Arrow
  2253 | D:2      | Reached skill level 1 in Fighting
  2408 | D:2      | Reached XP level 5. HP: 29/29 MP: 8/8
  3054 | D:3      | Noticed Jessica
  3058 | D:3      | Killed Jessica
  3068 | D:3      | Identified Jessica's Disquisition on Necromancy
  3197 | D:3      | Reached XP level 6. HP: 33/36 MP: 9/9
  3440 | D:4      | Found Zin's Purification Station.
  3443 | D:4      | Found a glowing silver altar of Zin.
  3445 | D:4      | Upgraded the game from 0.21-a0-185-g3a6ed1e to 0.21-a0-193-g085b6a0
  3541 | D:4      | Learned a level 5 spell: Lee's Rapid Deconstruction
  3546 | D:4      | Found a burning altar of Makhleb.
  3599 | D:4      | Found the +0 Maxwell's etheric cage {RegenMP+ *Contam rElec MP+4}
  3812 | D:4      | Noticed Dowan
  3814 | D:4      | Noticed Duvessa
  3828 | D:4      | Killed Duvessa
  3828 | D:4      | Reached XP level 7. HP: 21/41 MP: 7/10
  3832 | D:4      | Killed Dowan
  4054 | D:5      | Entered Level 5 of the Dungeon
  4079 | D:5      | Found Miasaxza's Jewellery Shoppe.
  4101 | D:5      | Found a shattered altar of Ashenzari.
  4250 | D:5      | Noticed a troll
  4255 | D:5      | Killed a troll
  4255 | D:5      | Reached XP level 8. HP: 46/46 MP: 7/11
  4377 | D:5      | Reached skill level 10 in Earth Magic
  4636 | D:5      | Learned a level 2 spell: Blink
  5019 | D:6      | Found a hide-covered altar of Uskayaw.
  5045 | D:6      | Found a staircase to the Ecumenical Temple.
  5432 | D:7      | Reached skill level 5 in Spellcasting
  5482 | D:7      | Reached XP level 9. HP: 38/51 MP: 17/17
  5527 | Temple   | Entered the Ecumenical Temple
  5546 | Temple   | Became a worshipper of Vehumet
  5869 | D:8      | Reached skill level 1 in Translocations
  5947 | D:8      | Upgraded the game from 0.21-a0-193-g085b6a0 to 0.21-a0-225-g207ae17
  6006 | D:8      | Learned a level 4 spell: Petrify
  6010 | D:8      | Learned a level 3 spell: Conjure Flame
  6103 | D:8      | Reached skill level 1 in Fire Magic
  6125 | D:8      | Reached skill level 1 in Conjurations
  6132 | D:8      | Reached * piety under Vehumet
  6132 | D:8      | Offered knowledge of Sting by Vehumet.
  6764 | D:8      | Offered knowledge of Shock by Vehumet.
  6764 | D:8      | Reached XP level 10. HP: 53/56 MP: 15/20
  7037 | D:9      | Reached skill level 2 in Armour
  7051 | D:8      | Reached ** piety under Vehumet
  7053 | D:8      | Reached skill level 3 in Armour
  7117 | D:9      | Noticed Erolcha
  7126 | D:9      | Killed Erolcha
  7210 | D:9      | Noticed Psyche
  7224 | D:9      | Killed Psyche
  7224 | D:9      | Reached skill level 5 in Fighting
  7754 | D:9      | Noticed Erica
  7893 | D:9      | Killed Erica
  7893 | D:9      | Reached skill level 5 in Armour
  7893 | D:9      | Reached XP level 11. HP: 68/68 MP: 17/23
  7963 | D:10     | Entered Level 10 of the Dungeon
  7973 | D:10     | Offered knowledge of Throw Flame by Vehumet.
  8050 | D:10     | Reached skill level 6 in Armour
  8076 | D:10     | Found a staircase to the Lair.
  8284 | D:10     | Noticed a deep elf mage
  8289 | D:10     | Killed a deep elf mage
  8289 | D:10     | Reached skill level 7 in Armour
  8304 | D:10     | Reached *** piety under Vehumet
  8627 | D:10     | Offered knowledge of Inner Flame by Vehumet.
  8922 | D:10     | Reached skill level 8 in Armour
  9266 | Lair:1   | Entered Level 1 of the Lair of Beasts
  9288 | Lair:1   | Identified a scroll of acquirement
  9289 | Lair:1   | Got a twisted buckler
  9295 | Lair:1   | Identified the +0 buckler of Lies {-Cast *Contam rPois Int+8} (You acquired it on level 1 of the Lair of Beasts)
  9305 | Lair:1   | Gained mutation: Your spells are a little harder to cast, but a little more powerful. [mutagenic glow]
  9331 | Lair:1   | Gained mutation: You are clumsy. (Dex -2) [mutagenic glow]
  9440 | Lair:1   | Lost mutation: Your spells are a little harder to cast, but a little more powerful. [mutagenic glow]
  9513 | Lair:1   | Noticed Harold
  9523 | Lair:1   | Killed Harold
  9661 | Lair:1   | Reached skill level 5 in Dodging
 10074 | Lair:1   | Reached **** piety under Vehumet
 10074 | Lair:1   | Reached skill level 1 in Transmutations
 10700 | Lair:2   | Reached skill level 1 in Long Blades
 10700 | Lair:2   | Reached XP level 12. HP: 73/73 MP: 19/24
 10777 | Lair:2   | Got a steaming ring mail
 10778 | Lair:2   | Identified the +7 ring mail "Yhuz" {Dex+2 SInv} (You found it on level 2 of the Lair of Beasts)
 10941 | Lair:3   | Noticed an eight-headed hydra
 10944 | Lair:3   | Killed an eight-headed hydra
 10966 | Lair:3   | Offered knowledge of Irradiate by Vehumet.
 11284 | Lair:3   | Reached skill level 9 in Armour
 11335 | Lair:3   | Found a hole to the Spider Nest.
 11687 | Lair:3   | Got a smoking leather armour
 11688 | Lair:3   | Identified the +2 leather armour of the Great Game {Dex+4} (You found it on level 3 of the Lair of Beasts)
 11741 | Lair:3   | Reached skill level 10 in Armour
 11909 | Lair:4   | Noticed Nessos
 11909 | Lair:4   | Noticed Nergalle
 11917 | Lair:3   | Killed Nergalle
 11917 | Lair:3   | Reached skill level 11 in Armour
 12054 | Lair:4   | Killed Nessos
 12334 | Lair:4   | Learned a level 5 spell: Irradiate
 12359 | Lair:4   | Reached skill level 12 in Armour
 12443 | Lair:4   | Noticed an eight-headed hydra
 12457 | Lair:4   | Reached skill level 5 in Conjurations
 12460 | Lair:4   | Slain by an eight-headed hydra

Vault maps used:
D:1:      dpeg_arrival_simpleton_c
D:2:      chequers_ecumenical_altar_twisty
D:3:      grunt_decor_one_mirror, st_stairs_10, kennysheep_jessica_study
D:4:      lightli_temple_of_fire, zin_purify, first_bread, uniq_duvessa
D:5:      cheibrodos_ashenzari_chains, serial_shops, shop_statue
D:6:      lemuel_doored_altar, minmay_temple_entry_from_below_b,
          kennysheep_generic_room_7
D:8:      kennysheep_kobold_camp
D:9:      uniq_erica, uniq_erolcha, uniq_psyche
D:10:     david_lair_shrubbed, hangedman_stone_soup
Temple:   hc_temple_tempest_star
Lair:1:   lemuel_fruit_tree, uniq_harold
Lair:2:   gammafunk_lair_bear_cave
Lair:3:   spider_nest_entry_funnel_web, forest_entry_grove
Lair:4:   mu_elephants_graveyard, swamp_mist_pool, dpeg_oklob_1, uniq_nessos,
          uniq_nergalle

Skill      XL: |  1  2  3  4  5  6  7  8  9 10 11 12 |
---------------+-------------------------------------+-----
Earth Magic    | 4 5 7 9 10 11 | 11.0
Maces & Flails | 1 2 3 |  3.8
Fighting       | 1 2 3 4 8 |  8.1
Spellcasting   | 5 7 8 |  8.1
Translocations | 3 |  3.0
Fire Magic     | 2 |  2.2
Conjurations   | 4 5 |  5.3
Dodging        | 2 3 5 |  5.0
Armour         | 5 8 12 | 12.0
Transmutations | 3 |  3.0
Long Blades    | 1 4 |  4.1
Stealth        | |  2.1

Action                   |  1- 3 |  4- 6 |  7- 9 | 10-12 || total
-------------------------+-------+-------+-------+-------++-------
Melee: Unarmed           |    60 |       |       |       ||    60
       Club              |    74 |       |       |       ||    74
       Flail             |     2 |   192 |       |       ||   194
       Long sword        |       |    17 |   242 |   243 ||   502
 Cast: Sandblast         |    10 |    19 |    27 |       ||    56
       Stone Arrow       |       |       |    43 |   229 ||   272
       Conjure Flame     |       |       |     1 |    10 ||    11
       Lee's Rapid Decon |       |       |       |    21 ||    21
       Blink             |       |       |       |     2 ||     2
       Petrify           |       |       |       |     1 ||     1
  Use: Scroll            |       |     9 |    12 |    10 ||    31
 Stab: Sleeping          |     2 |     7 |     5 |     1 ||    15
       Distracted        |       |     1 |       |     1 ||     2
  Eat: Chunk             |     3 |     7 |    10 |    22 ||    42
       Royal jelly       |       |       |     1 |       ||     1
Armor: Robe              |    62 |   107 |     5 |       ||   174
       Troll leather arm |       |       |   193 |   144 ||   337
       Ring mail         |       |       |       |   116 ||   116
Dodge: Dodged            |   113 |   181 |   210 |   311 ||   815
       Rpst.: Long sword |       |     7 |    59 |    88 ||   154

Table legend:
 A = Spawn XP
 B = Non-spawn XP
 C = Spawn XP percentage of total XP
 D = Spawn monster count
 E = Non-spawn monster count
 F = Spawn count percentage of total count
 G = Total turns spent on level
                    A         B        C        D         E        F      G
               +---------+---------+-------+---------+---------+-------+---------
         Total |    2572 |   25043 |   9.3 |      23 |     122 |  15.9 |  6513
               +---------+---------+-------+---------+---------+-------+---------
           D:8 |     759 |     531 |  58.8 |      13 |       3 |  81.2 |  1173
           D:9 |      55 |    4537 |   1.2 |       2 |      25 |   7.4 |   843
          D:10 |      90 |    3106 |   2.8 |       2 |      34 |   5.6 |  1303
        Lair:1 |     105 |    3923 |   2.6 |       1 |      17 |   5.6 |  1093
        Lair:2 |     403 |    1580 |  20.3 |       1 |       8 |  11.1 |   582
        Lair:3 |    1160 |    6449 |  15.2 |       4 |      23 |  14.8 |  1061
        Lair:4 |       0 |    4917 |   0.0 |       0 |      12 |   0.0 |   458
               +---------+---------+-------+---------+---------+-------+---------
